 Dungeon Crawl Stone Soup version 0.17.1-2-g5865329 (webtiles) character file.

78812 Mysteryquy the Brawler (level 15, -13/161 HPs)
             Began as a Troll Berserker on Jan 13, 2016.
             Was the Champion of Trog.
             Mangled by an orc warrior
             ... wielding a +2 dire flail of crushing
             ... led by an orc knight
              (18 damage)
             ... on level 3 of the Orcish Mines.
             The game lasted 01:03:38 (22907 turns).

Mysteryquy the Brawler (Troll Berserker)           Turns: 22907, Time: 01:03:39

Health: -13/161    AC: 11    Str: 34 (35) XL:     15   Next: 19%
Magic:  14/14      EV: 13    Int:  3      God:    Trog [******]
Gold:   2371       SH:  0    Dex: 10 (12) Spells: 0 memorised, 14 levels left

rFire  . . .     SeeInvis .       - Unarmed
rCold  . . .     Clarity  .     M - +0 troll leather armour
rNeg   . . .     SustAt   .     (no shield)
rPois  +         Gourm    +     I - +1 hat
rElec  .         Spirit   .     e - +0 cloak {rPois}
rCorr  .         Warding  .     (gloves unavailable)
rMut   +         Stasis   .     (boots unavailable)
MR     +....                    y - amulet of resist mutation
Stlth  ++........               L - +4 ring of strength
                                Y - ring of stealth

@: exhausted, slowed, drained, very slow, somewhat resistant to hostile
enchantments, unstealthy
A: unfitting armour, claws 3, horns 1, fast metabolism 3, gourmand, regeneration
2, shaggy fur 1, tough skin 2
a: Berserk, Trog's Hand, Brothers in Arms, Burn Spellbooks, Renounce Religion


You were on level 3 of the Orcish Mines.
You worshipped Trog.
Trog was exalted by your worship.
You were very full.

You visited 5 branches of the dungeon, and saw 26 of its levels.
You also visited: Sewer.

You collected 2427 gold pieces.
You spent 56 gold pieces at shops.

Inventory:

Armour
 e - a +0 cloak of poison resistance (worn)
 I - a +1 hat (worn)
 M - a +0 troll leather armour (worn)
Jewellery
 c - an uncursed ring of see invisible {unknown}
 y - an amulet of resist mutation (around neck)
 L - a +4 ring of strength (right claw)
 Q - an uncursed ring of protection from cold
 Y - a ring of stealth (left claw)
Wands
 l - a wand of slowing (25)
 n - a wand of fireball (8)
 v - a wand of frost (22)
Scrolls
 m - 4 scrolls of teleportation
 t - a scroll of brand weapon
 u - 9 scrolls of remove curse
 w - a scroll of enchant weapon
 B - 7 scrolls of enchant armour
 E - 2 scrolls of recharging
 J - a scroll of magic mapping
 O - a scroll of fear
 P - a scroll of fog
 U - 6 scrolls of identify
Potions
 a - a potion of ambrosia
 d - 2 potions of might
 g - a potion of magic
 h - 7 potions of brilliance
 i - a potion of mutation
 j - 2 potions of cancellation
 k - a potion of degeneration
 q - 2 potions of poison
 r - 3 potions of flight
 s - 6 potions of curing
 x - a potion of invisibility
 z - a potion of cure mutation
 A - 2 potions of agility
 C - 2 potions of haste
 D - 2 potions of berserk rage
 K - 2 potions of lignification
Books
 R - a book of Geomancy

   Spells                             Type                      Level
   a - Sandblast                      Earth                        1
   b - Stoneskin                      Transmutation/Earth          2
   c - Passwall                       Transmutation/Earth          3
   d - Stone Arrow                    Conjuration/Earth            3
   e - Petrify                        Transmutation/Earth          4
   f - Lee's Rapid Deconstruction     Earth                        5
   Trog disapproves of the use of such an item.
Miscellaneous
 G - a fan of gales
Comestibles
 b - 17 bread rations
 f - 13 meat rations
 o - a slice of pizza
 p - 29 fruits
 F - 3 beef jerkies
 H - a royal jelly


   Skills:
 + Level 13.4(13.3) Fighting
 + Level 9.3(9.2) Armour
 + Level 9.4 Dodging
 + Level 15.9 Unarmed Combat


You had 14 spell levels left.
You didn't know any spells.

Dungeon Overview and Level Annotations

Branches:
Dungeon (12/15)            Temple (0/1) D:5            Lair (8/8) D:11
  Swamp (1/4) Lair:6       Spider (2/4) Lair:6        Slime (0/6) Lair:8
    Orc (3/4) D:12
    Elf: Orc:3-4

Altars:
Cheibriados
Elyvilon
Fedhas
Kikubaaqudgha
Makhleb
Ru
Trog
Xom
Zin
Beogh
Jiyva

Shops:
Orc:1 ?

Portals:
Hell: Lair:8

Annotations:
D:10 ! UNSEEN HORROR


Innate Abilities, Weirdness & Mutations

You are too large for most types of armour.
You have claws for hands.
Your metabolism is lightning-fast.
You like to eat raw meat.
You heal very quickly.
You are covered in fur (AC +1).
You have very tough skin (AC +2).
You have a pair of small horns on your head.


Message History

The orc warrior hits you but does no damage.
You scratch the orc warrior.
The orc warrior is lightly wounded.
The orc warrior hits you from afar with a halberd!
* * * LOW HITPOINT WARNING * * *
You feel a strong urge to attack something.
You are no longer berserk.
You are exhausted.
You feel yourself slow down.
You see here an orc corpse.
Drink which item? (? for menu, Esc to quit)
Okay, then.
Read which item? (? for menu, Esc to quit)
Okay, then.
Okay, then.
Okay, then.
Your deep troll goes berserk!
You feel somewhat less full.
The orc warrior hits you with a dire flail of crushing!!
You die...

#....## . .. ......## .
..# .. ###......## .
..##.# #.#.......#
##..... ##...)....#
.....# ##..)...# .
.....# #...o#.## ..
.._..# ##..o#####..#
.....# ######.T.@#.....#
.....###.#..##..))....<#
.....##......##(()......
.....###.....###))......
............^.#.###.###.
###.....###.....# ##
###......####...#
..........#.#..>#
......#..#.....####.#
##.#


You could see 2 orc warriors and a friendly deep troll (berserk).

Vanquished Creatures
  Maud (Lair:5)
  A ghost moth (Spider:1)
  Azrael (Spider:1)
  A dire elephant (Lair:8)
  Snorg (Lair:4)
  Erolcha (D:8)
  2 hydras
  An entropy weaver (Spider:1)
  A hell beast (Lair:8)
  3 death yaks (Lair:8)
  Urug (Orc:1)
  The ghost of SirMumm the Thaumaturge, a novice DEWz of Vehumet (D:9)
  2 unseen horrors
  An orc knight (Orc:3)
  A wizard (Lair:8)
  2 hornets (Spider:1)
  A hill giant (D:11)
  4 orb spiders (Spider:1)
  2 wolf spiders
  2 griffons
  4 ugly things (D:11)
  21 elephants
  The ghost of AlfredTheGreat the Slasher, a novice MiBe of Trog (D:6)
  A torpor snail (Spider:1)
  6 black mambas
  2 orange demons (Lair:8)
  9 spiny frogs
  A hellwing (Lair:8)
  8 komodo dragons
  3 demonic crawlers (Spider:1)
  5 fire drakes
  A freezing wraith (D:11)
  2 blue devils (Lair:8)
  4 polar bears (Lair:2)
  A red devil (Lair:8)
  2 trolls
  A two-headed ogre (D:11)
  24 blink frogs
  Prince Ribbit (D:9)
  5 jumping spiders (Spider:1)
  Sigmund (D:5)
  12 redbacks (Spider:1)
  2 trapdoor spiders (Spider:1)
  2 wraiths (D:7)
  2 fire elementals (Spider:1)
  5 tarantellas (Spider:1)
  8 hippogriffs
  Grum (D:9)
  44 yaks
  2 hungry ghosts
  A steam dragon (D:10)
  3 basilisks
  A soldier ant (D:12)
  6 hell hounds
  16 water moccasins
  7 porcupines
  15 wolves
  8 ogres
  2 ice beasts
  3 sky beasts
  3 necrophages (D:7)
  A wasp (Swamp:1)
  8 phantoms
  10 orc warriors
  5 spiders (Spider:1)
  9 black bears
  3 centaurs
  5 big kobolds
  16 crocodiles
  The ghost of Mysteryquy the Conjurer, an amateur DECj (D:4)
  A brain worm (D:12)
  A gnoll sergeant (D:9)
  23 giant frogs
  A wyvern skeleton (D:7)
  7 scorpions
  2 wights (D:7)
  23 killer bees
  2 electric eels (Lair:3)
  2 giant frog zombies
  2 centaur zombies
  2 crimson imps (D:5)
  4 human zombies (D:7)
  A quasit (D:12)
  A centaur skeleton (D:9)
  7 orc priests
  A giant frog skeleton (D:11)
  3 jellies
  15 orc wizards
  12 worker ants
  A gnoll shaman (D:8)
  3 hounds
  14 iguanas
  A killer bee zombie (D:9)
  3 sheep (Lair:4)
  2 hound zombies
  A mummy (D:7)
  A hound skeleton (D:6)
  2 worker ant zombies
  Robin (D:4)
  12 adders
  10 gnolls
  2 shadow imps
  53 river rats
  An adder zombie (D:5)
  2 adder skeletons
  2 worms
  7 giant geckos
  93 orcs
  14 giant cockroaches
  21 goblins
  16 hobgoblins
  13 jackals
  3 ball pythons (Sewer)
  5 bats
  A giant gecko zombie (D:8)
  9 giant newts
  29 kobolds
  3 quokkas
  A quokka skeleton (D:6)
  A quokka zombie (D:8)
  9 rats
  2 plants
782 creatures vanquished.

Vanquished Creatures (collateral kills)
  9 hydras
  Nergalle (D:10)
  A hill giant (D:10)
  2 spiny frogs
  An orange demon (Lair:8)
  A komodo dragon (Lair:1)
  3 red devils (Lair:8)
  An orc wizard (D:10)
  An orc priest (D:10)
  A sheep (Lair:4)
  2 river rats (Lair:4)
  3 orcs (D:10)
26 creatures vanquished.

Vanquished Creatures (others)
  2 jumping spiders (Spider:1)
  A bush (Lair:8)
  26 fungi
  18 plants
47 creatures vanquished.

Grand Total: 855 creatures vanquished

Notes
Turn   | Place    | Note
--------------------------------------------------------------
     0 | D:1      | Mysteryquy the Troll Berserker began the quest for the Orb.
     0 | D:1      | Reached XP level 1. HP: 22/22 MP: 0/0
   106 | D:1      | Reached XP level 2. HP: 29/29 MP: 1/1
   387 | D:1      | Reached ** piety under Trog
   420 | D:1      | Reached XP level 3. HP: 36/36 MP: 2/2
   834 | D:2      | Reached skill level 4 in Unarmed Combat
  1016 | D:3      | Found a faded altar to an unknown god.
  1081 | D:3      | Reached *** piety under Trog
  1115 | D:3      | Reached XP level 4. HP: 45/45 MP: 3/3
  1564 | D:3      | Found a glowing drain.
  1569 | Sewer    | Entered a sewer
  1597 | Sewer    | Noticed a big kobold
  1598 | Sewer    | Reached **** piety under Trog
  1598 | Sewer    | Reached XP level 5. HP: 53/53 MP: 4/4
  1608 | Sewer    | Killed a big kobold
  1608 | Sewer    | Reached skill level 5 in Unarmed Combat
  1665 | Sewer    | Noticed a big kobold
  1671 | Sewer    | Killed a big kobold
  1671 | Sewer    | Reached XP level 6. HP: 53/62 MP: 5/5
  1728 | Sewer    | Noticed a big kobold
  1733 | Sewer    | Killed a big kobold
  1806 | Sewer    | Noticed a big kobold
  1810 | Sewer    | Killed a big kobold
  1810 | Sewer    | Reached skill level 6 in Unarmed Combat
  1956 | D:4      | Found a burning altar of Makhleb.
  1999 | D:4      | Reached XP level 7. HP: 64/71 MP: 6/6
  2068 | D:4      | Noticed Robin
  2075 | D:4      | Killed Robin
  2075 | D:4      | Reached skill level 5 in Fighting
  2144 | D:4      | Found a shimmering altar of Xom.
  2540 | D:4      | Noticed Mysteryquy's ghost (amateur DECj)
  2550 | D:4      | Killed Mysteryquy's ghost
  2602 | D:5      | Entered Level 5 of the Dungeon
  2602 | D:5      | Found a glowing silver altar of Zin.
  2605 | D:5      | Found a staircase to the Ecumenical Temple.
  2618 | D:5      | Noticed Sigmund
  2637 | D:5      | Killed Sigmund
  2637 | D:5      | Reached skill level 7 in Unarmed Combat
  2727 | D:5      | Reached XP level 8. HP: 83/83 MP: 7/7
  2737 | D:5      | Reached ***** piety under Trog
  3085 | D:5      | Reached skill level 8 in Unarmed Combat
  3622 | D:6      | Noticed AlfredTheGreat's ghost (novice MiBe)
  3644 | D:6      | Killed AlfredTheGreat's ghost
  3729 | D:6      | Reached skill level 9 in Unarmed Combat
  3729 | D:6      | Reached XP level 9. HP: 85/93 MP: 8/8
  4156 | D:6      | Found a sacrificial altar of Ru.
  4378 | D:7      | Found a snail-covered altar of Cheibriados.
  4474 | D:7      | Received a gift from Trog
  4630 | D:7      | Reached skill level 10 in Unarmed Combat
  5121 | D:7      | Reached XP level 10. HP: 97/106 MP: 9/9
  5224 | D:7      | Reached skill level 11 in Unarmed Combat
  5247 | D:7      | Found an ancient bone altar of Kikubaaqudgha.
  5524 | D:8      | Noticed Erolcha
  5533 | D:8      | Killed Erolcha
  5922 | D:8      | Found a blossoming altar of Fedhas.
  6378 | D:9      | Noticed SirMumm's ghost (novice DEWz)
  6384 | D:9      | Killed SirMumm's ghost
  6384 | D:9      | Reached skill level 12 in Unarmed Combat
  6468 | D:9      | Noticed Grum
  6484 | D:9      | Killed Grum
  6484 | D:9      | Reached skill level 10 in Fighting
  6671 | D:9      | Found a white marble altar of Elyvilon.
  6774 | D:9      | Reached XP level 11. HP: 60/117 MP: 10/10
  7047 | D:9      | Found a bloodstained altar of Trog.
  7314 | D:9      | Noticed Prince Ribbit
  7325 | D:9      | Killed Prince Ribbit
  7325 | D:9      | Reached ****** piety under Trog
  7325 | D:9      | Reached skill level 1 in Armour
  7405 | D:10     | Entered Level 10 of the Dungeon
  7512 | D:10     | Noticed a hill giant
  7514 | D:10     | Noticed Nergalle
  7517 | D:10     | Killed a hill giant
  7518 | D:10     | Killed Nergalle
  7783 | D:11     | Received a gift from Trog
  8375 | D:10     | Killed an unseen horror
  8871 | D:11     | Reached skill level 13 in Unarmed Combat
  8938 | D:11     | Killed an unseen horror
  9626 | D:11     | Found a staircase to the Lair.
  9640 | D:11     | Noticed a hill giant
  9646 | D:11     | Killed a hill giant
  9682 | Lair:1   | Entered Level 1 of the Lair of Beasts
  9718 | Lair:1   | Reached XP level 12. HP: 111/128 MP: 11/11
  9779 | Lair:1   | Noticed an eight-headed hydra
  9783 | Lair:1   | Killed a nine-headed hydra
  9883 | Lair:1   | Reached skill level 5 in Dodging
 10085 | Lair:1   | Noticed an eight-headed hydra
 10091 | Lair:1   | Killed a seven-headed hydra
 10170 | Lair:1   | Noticed an eight-headed hydra
 10174 | Lair:1   | Killed a nine-headed hydra
 10831 | Lair:2   | Received a gift from Trog
 10995 | Lair:2   | Reached skill level 5 in Armour
 11954 | Lair:2   | Noticed a seven-headed hydra
 11961 | Lair:2   | Killed a seven-headed hydra
 12171 | Lair:3   | Reached skill level 14 in Unarmed Combat
 13044 | Lair:4   | Reached XP level 13. HP: 130/139 MP: 12/12
 13119 | Lair:4   | Noticed a five-headed hydra
 13131 | Lair:4   | Killed a five-headed hydra
 13227 | Lair:4   | Noticed Snorg
 13233 | Lair:4   | Killed Snorg
 13298 | Lair:4   | Noticed a seven-headed hydra
 13302 | Lair:4   | Killed a seven-headed hydra
 13321 | Lair:4   | Found a shimmering altar of Xom.
 13382 | Lair:4   | Received a gift from Trog
 14144 | Lair:5   | Noticed Maud
 14156 | Lair:5   | Killed Maud
 15210 | Lair:6   | Found a staircase to the Swamp.
 15438 | Lair:6   | Found a hole to the Spider Nest.
 17024 | Lair:8   | Entered Level 8 of the Lair of Beasts
 17024 | Lair:8   | Found a labyrinth entrance.
 17198 | Lair:8   | Received a gift from Trog
 17340 | Lair:8   | Reached XP level 14. HP: 123/150 MP: 13/13
 17511 | Lair:8   | Found a viscous altar of Jiyva.
 17512 | Lair:8   | Found a staircase to the Slime Pits.
 17571 | Lair:8   | Identified a scroll of acquirement
 17906 | Lair:8   | Reached skill level 15 in Unarmed Combat
 17928 | Lair:8   | Found a burning altar of Makhleb.
 18133 | Lair:8   | Found a gateway to Hell.
 18361 | Lair:8   | Noticed a dire elephant
 18377 | Lair:8   | Killed a dire elephant
 19313 | Swamp:1  | Entered Level 1 of the Swamp
 19376 | Spider:1 | Entered Level 1 of the Spider Nest
 19471 | Spider:1 | Received a gift from Trog
 19611 | Spider:1 | Noticed Azrael
 19654 | Spider:1 | Killed Azrael
 19836 | Spider:1 | Killed a ghost moth
 20398 | Spider:1 | Reached XP level 15. HP: 69/161 MP: 14/14
 20825 | Spider:1 | Gained mutation: You have a pair of small horns on your head. [potion of beneficial mutation]
 21530 | D:12     | Received a gift from Trog
 22024 | D:12     | Found a staircase to the Orcish Mines.
 22053 | Orc:1    | Entered Level 1 of the Orcish Mines
 22077 | Orc:1    | Noticed Urug
 22090 | Orc:1    | Killed Urug
 22133 | Orc:1    | Found Mowniuze's Magic Scroll Shoppe.
 22225 | Orc:1    | Bought a scroll of fear for 56 gold pieces
 22761 | Orc:3    | Received a gift from Trog
 22840 | Orc:3    | Found a roughly hewn altar of Beogh.
 22901 | Orc:3    | HP: 10/241 [orc warrior/dire flail of crushing[an orc knight] (4)]
 22903 | Orc:3    | HP: 2/241 [orc warrior/halberd[an orc knight] (10)]
 22907 | Orc:3    | Mangled by an orc warrior

Action                   |  1- 3 |  4- 6 |  7- 9 | 10-12 | 13-15 || total
-------------------------+-------+-------+-------+-------+-------++-------
Melee: Unarmed           |   123 |   146 |   329 |   745 |  1038 ||  2381
Invok: Berserk           |       |       |     1 |     2 |    10 ||    13
       Brothers in Arms  |       |       |       |     9 |     7 ||    16
       Trog's Hand       |       |       |       |     1 |     5 ||     6
       Burn Spellbooks   |       |       |       |     1 |       ||     1
Evoke: Wand              |       |       |       |     1 |       ||     1
  Use: Scroll            |       |       |       |    26 |     3 ||    29
       Potion            |       |       |       |     7 |     6 ||    13
 Stab: Sleeping          |       |     1 |     1 |     1 |     8 ||    11
  Eat: Chunk             |    15 |     7 |    40 |    74 |    95 ||   231
       Fruit             |       |       |       |     2 |     7 ||     9
       Pizza             |       |       |       |       |     2 ||     2
       Beef jerky        |       |       |       |       |     3 ||     3
       Royal jelly       |       |       |       |       |     1 ||     1
